 Dungeon Crawl Stone Soup version 0.28-a0-1182-g381e24db82 (webtiles) character file.

Game seed: 5449082714373944204

112 ytrimaz the Chopper (level 5, -3/42 HPs)
             Began as a Formicid Fighter on Dec 16, 2021.
             Slain by Grinder (6 damage)
             ... on level 3 of the Dungeon.
             The game lasted 00:03:08 (1712 turns).

ytrimaz the Chopper (Formicid Fighter)              Turns: 1712, Time: 00:03:09

Health: -3/42      AC: 14    Str: 22    XL:     5   Next: 16%
Magic:  5/5        EV:  7    Int:  8    God:
Gold:   147        SH:  4    Dex: 10    Spells: 4/4 levels left

rFire   . . .      SeeInvis +   a - +0 war axe
rCold   . . .      Faith    .   c - +0 buckler
rNeg    . . .      Spirit   .   l - +0 chain mail
rPois   .          Reflect  .   (helmet unavailable)
rElec   .          Harm     .   (no cloak)
rCorr   .          Rampage  .   j - +0 pair of gloves
Will    +....                   (no boots)
Stlth   ..........              (no amulet)
HPRegen 0.14/turn               e - ring "Ixun" {Will+ AC+4}
MPRegen 0.09/turn               (no ring)

@: mighty
A: permanent stasis, dig shafts and tunnels, antennae 3, four strong arms
a: Dig, Shaft Self


You were on level 3 of the Dungeon.
You visited 1 branch of the dungeon, and saw 3 of its levels.

You collected 147 gold pieces.

Inventory:

Hand Weapons
 a - a +0 war axe (weapon)
Armour
 c - a +0 buckler (worn)
 j - a +0 pair of gloves (worn)
 l - a +0 chain mail (worn)
Jewellery
 e - the ring "Ixun" (left hand) {Will+ AC+4}
   (You acquired it on level 1 of the Dungeon)

   [ring of protection]

   AC:        It affects your AC (+4).
   Will:      It increases your willpower.
 h - a ring of magical power
Potions
 b - a potion of brilliance {unknown}
 f - a potion of resistance {unknown}
 g - a potion of magic {unknown}
 i - a potion of curing {unknown}
 k - a potion of cancellation {unknown}
 m - a potion of berserk rage {unknown}
 n - a potion of lignification {unknown}


   Skills:
 + Level 3.7 Fighting
 * Level 4.1 Axes
 + Level 3.7 Armour
 + Level 4.0 Shields


You had 4 spell levels left.
You didn't know any spells.
Your spell library contained the following spells:

 Spells                   Type           Power      Damage    Failure   Level
 Tukima's Dance           Hex            0%         N/A       100%        3
 Passage of Golubria      Tloc           0%         N/A       100%        4
 Yara's Violent Unravell  Hex/Tmut       0%         3d3       100%        5


Dungeon Overview and Level Annotations

Branches:
Dungeon (3/15)

Altars:

Shops:
D:3 =

Annotations:
D:3 Grinder


Innate Abilities, Weirdness & Mutations

You cannot be hasted, slowed, berserked, paralysed or teleported.
You can dig through walls and to a lower floor.
You have a pair of large antennae on your head. (SInv)
Your four strong arms can wield two-handed weapons with a shield.


Message History

You slash Grinder!
Grinder is heavily wounded.
Grinder barely misses you.
You barely miss Grinder.
Grinder is heavily wounded.
Grinder hits you but does no damage. Grinder hits you.
You writhe in agony.
You barely miss Grinder.
Grinder is heavily wounded.
Grinder gestures at you. You resist with some effort.
You slash Grinder!
Grinder is severely wounded.
Grinder gestures at you. You resist with almost no effort.
You are too injured to fight recklessly!
You closely miss Grinder.
Grinder is severely wounded.
Grinder gestures at you. You resist with some effort.
You barely miss Grinder.
Grinder is severely wounded.
Grinder hits you. x2; You writhe in agony.
* * * LOW HITPOINT WARNING * * *
Unknown command.
You closely miss Grinder.
Grinder is severely wounded.
Grinder hits you.
* * * LOW HITPOINT WARNING * * *
You writhe in agony.
* * * LOW HITPOINT WARNING * * *
Unknown command.
You feel very mighty all of a sudden. Grinder closely misses you.
Unknown command.
You barely miss Grinder.
Grinder is severely wounded.
Grinder hits you.
* * * LOW HITPOINT WARNING * * *
You writhe in agony.
You die...

#..# #..#
#... #.. #.
#.# #.
##.#####.. <.
#.........
.###)@5......
..#.#######.
#.#.#
#.#.######
#.:........
#...#####..
#...#
#...#####.
#.........


You could see Grinder.

Vanquished Creatures
  5 adders
  2 worms (D:2)
  8 ball pythons
  2 bats
  6 endoplasms
  A giant cockroach (D:2)
  7 goblins
  7 hobgoblins
  5 jackals
  4 kobolds
  2 quokkas
  3 frilled lizards
  5 rats
57 creatures vanquished.

Notes
Turn   | Place    | Note
-------+----------+-------------------------------------------
     0 | D:1      | ytrimaz the Formicid Fighter began the quest for the Orb.
     0 | D:1      | Reached XP level 1. HP: 18/18 MP: 1/1
   189 | D:1      | Reached XP level 2. HP: 24/24 MP: 2/2
   190 | D:1      | Identified a scroll of acquirement
   190 | D:1      | Acquired the ring "Ixun" {Will+ AC+4}
   451 | D:1      | Reached XP level 3. HP: 28/29 MP: 3/3
  1003 | D:2      | Reached XP level 4. HP: 33/35 MP: 4/4
  1268 | D:2      | Reached XP level 5. HP: 42/42 MP: 5/5
  1590 | D:3      | Found Xeemuzub's Jewellery Emporium.
  1680 | D:3      | Noticed Grinder
  1712 | D:3      | Slain by Grinder

Illustrated notes

Levels and vault maps discovered:
D:1:      scummos_arrival_simple_crosswalls, layout_loops_ring
D:2:      minmay_door_path, layout_rooms, hangedman_abyss_or_decor_stabs,
          minmay_joined_circles
D:3:      layout_loops_ring, serial_shops, nicolae_square_shop,
          minmay_strange_pillars, uniq_grinder

Skill      XL: |  1  2  3  4  5 |
---------------+----------------+-----
Shields        | 4 |  4.0
Axes           | 3 4 |  4.1
Fighting       | |  3.7
Armour         | |  3.7

Action                   |  1- 3 |  4- 6 || total
-------------------------+-------+-------++-------
Melee: War axe           |    83 |    82 ||   165
  Use: Scroll            |     2 |       ||     2
       Potion            |       |     1 ||     1
Armor: Scale mail        |    37 |    25 ||    62
       Chain mail        |       |    30 ||    30
Dodge: Dodged            |    35 |    32 ||    67
Block: Buckler           |    17 |    11 ||    28

Table legend: (Time is in decaauts)
 A = Elapsed time spent in this place.
 B = Non-inter-level travel time spent in this place.
 C = Inter-level travel time spent in this place.
 D = Time resting spent in this place.
 E = Time spent auto-exploring this place.
 F = Levels seen in this place.
 G = Mean time per level.
                   A        B        C        D        E       F      G
               +--------+--------+--------+--------+--------+-----+--------+
         Total |   1767 |   1734 |     33 |      0 |   1239 |   3 |  589.0 |
       Dungeon |   1767 |   1734 |     33 |      0 |   1239 |   3 |  589.0 |
               +--------+--------+--------+--------+--------+-----+--------+

Top non-repeatable levels by time:
     D:2: 803 daAuts
     D:1: 781 daAuts
     D:3: 182 daAuts
